[Event "ICCopen2016"]
[Site "Internet Chess Club"]
[Date "2016.06.03"]
[Round "9"]
[White "welo1969"]
[Black "Hellzito"]
[Result "1-0"]
[ICCResult "Black forfeits on time"]
[WhiteElo "1444"]
[BlackElo "1878"]
[Opening "Queen's pawn game"]
[ECO "A46"]
[NIC "QP.06"]
[Time "20:36:49"]
[TimeControl "180+0"]

1. d4 Nf6 2. Nf3 e6 3. Nbd2 c5 4. e3 b6 5. Bd3 Be7 6. O-O O-O 7. c3 d5 8.
Ne5 Qc7 9. f4 Ba6 10. Bxa6 Nxa6 11. Qf3 Rac8 12. g4 Nd7 13. g5 Nxe5 14. dxe5
b5 15. Qh5 g6 16. Qg4 b4 17. Nf3 bxc3 18. bxc3 c4 19. Nd4 Nc5 20. Ba3 Ne4
21. Bxe7 Qxe7 22. Rab1 Nxc3 23. Rb2 Qc5 24. Kh1 Rb8 25. Rc2 Ne4 26. h4 c3
27. h5 Qc4 28. Rfc1 Rb2 29. hxg6 hxg6 30. Kg2 Qd3 31. Qf3 Kg7 32. Qe2 Rxc2
33. Rxc2 Qxe2+ 34. Rxe2 Rb8 35. Rc2 Rb2 36. Kf3 Rxc2 37. Nxc2 Kf8 38. Ke2
Ke7 39. Kd3 Kd7 40. Nd4 Kc7 41. Nb5+ Kb6 42. Nxc3 Nxc3 43. Kxc3 Kc5 44. a3
a5 45. a4 Kc6 46. Kd4 Kb6 47. e4 dxe4 48. Kxe4 Kc5 49. f5 Kb4 50. fxe6 fxe6
51. Kd4 Kxa4 52. Kc5 Kb3 53. Kd6 a4 54. Kxe6 a3 55. Kf6 a2 56. e6 a1=Q+ 57.
Kf7 Qf1+ 58. Kxg6 Qa6 59. Kf7 Qb7+ 60. e7 Qf3+ 61. Kg6 Qe4+ 62. Kf7 Qf5+ 63.
Kg7 Qxg5+ 64. Kh8 Qf5 65. Kg8 Qf6 66. e8=Q {Black forfeits on time} 1-0

[Event "ICCopen2016"]
[Site "Internet Chess Club"]
[Date "2016.06.03"]
[Round "9"]
[White "carpenter"]
[Black "Red-white"]
[Result "0-1"]
[ICCResult "White resigns"]
[WhiteElo "2251"]
[BlackElo "3078"]
[Opening "Vienna game"]
[ECO "C28"]
[NIC "VG.04"]
[Time "20:39:00"]
[TimeControl "180+0"]

1. e4 e5 2. Nc3 Nc6 3. Bc4 Nf6 4. d3 Bb4 5. Ne2 d5 6. exd5 Nxd5 7. O-O Be6
8. Ne4 Be7 9. Bb3 O-O 10. f4 exf4 11. Nxf4 Nxf4 12. Bxf4 Bxb3 13. axb3 f5
14. Nc3 Qd7 15. Qd2 a6 16. Rae1 Rae8 17. Qf2 Bf6 18. Kh1 Nd4 19. Be3 g6 20.
Bxd4 Qxd4 21. Qf3 c6 22. h3 Re5 23. Rxe5 Qxe5 24. Qf2 Kg7 25. Qf4 Qxf4 26.
Rxf4 Re8 27. Rf2 Re1+ 28. Kh2 Bd4 29. Rd2 Bg1+ 30. Kg3 Re3+ 31. Kf4 Kf6 32.
h4 h6 33. Ne4+ fxe4 34. dxe4 g5+ 35. hxg5+ hxg5+ 36. Kg4 Rxe4+ 37. Kf3 Rf4+
38. Ke2 Rf2+ 39. Kd3 Rxd2+ 40. Kxd2 Ke5 41. Ke2 Ke4 42. c3 a5 43. b4 a4
{White resigns}
0-1

[Event "ICCopen2016"]
[Site "Internet Chess Club"]
[Date "2016.06.03"]
[Round "9"]
[White "afgano45"]
[Black "Sam08"]
[Result "0-1"]
[ICCResult "White resigns"]
[WhiteElo "1902"]
[BlackElo "2429"]
[Opening "Ruy Lopez: Treybal (Bayreuth) variation (exchange var. deferred)"]
[ECO "C77"]
[NIC "RL.12"]
[Time "20:39:55"]
[TimeControl "180+0"]

1. e4 e5 2. Nf3 Nc6 3. Bb5 a6 4. Ba4 Nf6 5. Bxc6 dxc6 6. d3 Bd6 7. Nbd2 Nd7
8. Nc4 c5 9. Bd2 f6 10. Qe2 Nf8 11. O-O-O Ne6 12. h4 b5 13. Ne3 Nd4 14. Qf1
Be6 15. Kb1 Qd7 16. h5 a5 17. Bc1 a4 18. c3 Nxf3 19. gxf3 b4 20. c4 O-O-O
21. Qe2 g6 22. Ng2 f5 23. Bg5 Rde8 24. h6 Rhf8 25. Ne3 Rf7 26. Nd5 Ref8 27.
d4 cxd4 28. c5 Bxc5 29. Qa6+ Kb8 30. Rc1 Bxd5 31. Rxc5 Bb7 32. Qa5 fxe4 33.
Rhc1 Rc8 34. Qxb4 Rxf3 35. Rxe5 e3 36. Rb5 c6 37. Rb6 exf2 38. Be7 f1=Q 39.
Bd6+ Ka7 40. Rxf1 Rxf1+ 41. Kc2 Qf5+ 42. Kd2 Qf2+ 43. Kd3 Qe3+ 44. Kc4 Rc1+
{White resigns}
0-1

[Event "ICCopen2016"]
[Site "Internet Chess Club"]
[Date "2016.06.03"]
[Round "9"]
[White "waynehatcher"]
[Black "gray-hawk"]
[Result "1-0"]
[ICCResult "Black forfeits on time"]
[WhiteElo "1547"]
[BlackElo "1005"]
[Opening "English: Neo-Catalan declined"]
[ECO "A14"]
[NIC "RE.09"]
[Time "20:40:45"]
[TimeControl "180+0"]

1. Nf3 d5 2. c4 e6 3. g3 Be7 4. Bg2 Nf6 5. O-O O-O 6. b3 c6 7. Bb2 b6 8. d4
Bb7 9. Nc3 Nbd7 10. Re1 Rc8 11. e4 dxe4 12. Nxe4 Qc7 13. Nc3 Rfe8 14. Qc2
Bf8 15. Rad1 Nb8 16. Qb1 Rcd8 17. Qa1 a6 18. Ne4 Nxe4 19. Rxe4 Nd7 20. Ree1
Nf6 21. Ne5 Bb4 22. Re2 Nd7 23. a3 Nxe5 24. dxe5 Bf8 25. Qc1 c5 26. Bxb7
Qxb7 27. Red2 Qc7 28. Rd3 Rxd3 29. Rxd3 Rd8 30. Qd2 Be7 31. f4 Rxd3 32. Qxd3
Qd8 33. Qxd8+ Bxd8 34. Kf2 Bc7 35. Kf3 Kf8 36. Ke4 g6 37. g4 Kg7 38. h3 h6
39. f5 gxf5+ 40. gxf5 h5 41. Bc3 Kh6 42. h4 Bd8 43. f6 Kh7 44. b4 Bc7 45.
bxc5 bxc5 46. Bd2 a5 47. Bf4 a4 48. Be3 Bb6 49. Kf4 Ba7 50. Kg5 Bb6 51. Kxh5
Ba7 52. Kg5 Bb6 53. h5 Ba7 54. Kg4 Bb6 55. Kf3 Ba7 56. Ke4 Bb6 57. Kd3 Ba7
58. Bf4 Bb6 59. Bd2 Ba7 60. Ba5 Bb8 61. Ke4 Ba7 62. Bc7 Bb8 63. Bxb8 Kh6 64.
Bd6 Kxh5 65. Bxc5 {Black forfeits on time} 1-0

[Event "ICCopen2016"]
[Site "Internet Chess Club"]
[Date "2016.06.03"]
[Round "9"]
[White "Cramagica"]
[Black "Rude-Dude"]
[Result "0-1"]
[ICCResult "White checkmated"]
[WhiteElo "1163"]
[BlackElo "1287"]
[Opening "Gedult's opening"]
[ECO "A00"]
[Time "20:42:21"]
[TimeControl "180+0"]

1. f3 g6 2. c3 Bg7 3. Kf2 e5 4. Ke3 d5 5. Kd3 Nf6 6. Kc2 e4 7. fxe4 Nxe4 8.
Qe1 Bf5 9. d3 Nc5 10. Nf3 O-O 11. h3 Re8 12. g4 Be6 13. Nbd2 f5 14. gxf5
Bxf5 15. h4 Nxd3 16. exd3 Rxe1 17. Nxe1 c5 18. b3 Nc6 19. Nef3 d4 20. Bb2
dxc3 21. Bxc3 Bxc3 22. Kxc3 Qf6+ 23. Kc2 Qxa1 24. Bg2 Qxa2+ 25. Kc3 Qa5+ 26.
Kc2 Rd8 27. Bf1 Nd4+ 28. Kb2 Nxf3 29. Nxf3 Bxd3 30. Bxd3 Rxd3 31. Ng5 Qc3+
32. Kb1 Qxb3+ 33. Kc1 Qc3+ 34. Kb1 Rd2 35. Rh3 Qb2# {White checkmated} 0-1

[Event "ICCopen2016"]
[Site "Internet Chess Club"]
[Date "2016.06.03"]
[Round "10"]
[White "betterone76"]
[Black "cloak1"]
[Result "1-0"]
[ICCResult "Black checkmated"]
[WhiteElo "1569"]
[BlackElo "1760"]
[Opening "Scotch: Blumenfeld attack"]
[ECO "C45"]
[NIC "SO.05"]
[Time "20:47:33"]
[TimeControl "180+0"]

1. e4 e5 2. Nf3 Nc6 3. d4 exd4 4. Nxd4 Bc5 5. Be3 Qf6 6. Nb5 Bxe3 7. fxe3
Qxb2 8. N1c3 Kd8 9. Rb1 Qxb1 10. Qxb1 Nf6 11. Nd5 Nxd5 12. exd5 Ne7 13. d6
cxd6 14. Nxd6 Nc6 15. Nxf7+ Ke8 16. Nxh8 Kf8 17. Qb3 Ne5 18. Bc4 d6 19. Nf7
Nxf7 20. Bxf7 b6 21. Bg8 Ke7 22. Qf7+ Kd8 23. Qf8+ Kc7 24. Be6 Rb8 25. Bxc8
Rxc8 26. Qf7+ Kc6 27. Qxg7 Kb5 28. O-O Rxc2 29. Rb1+ Ka5 30. Qxa7#
{Black checkmated}
1-0

[Event "ICCopen2016"]
[Site "Internet Chess Club"]
[Date "2016.06.03"]
[Round "10"]
[White "hedgie"]
[Black "fishmaster"]
[Result "1-0"]
[ICCResult "Black resigns"]
[WhiteElo "2118"]
[BlackElo "1723"]
[Opening "King's Indian: Sämisch, 5...O-O"]
[ECO "E81"]
[NIC "KI.42"]
[Time "20:48:15"]
[TimeControl "180+0"]

1. d4 Nf6 2. c4 g6 3. Nc3 Bg7 4. e4 O-O 5. f3 d6 6. Nge2 Nbd7 7. Be3 e5 8.
Qd2 c6 9. d5 c5 10. g4 a6 11. Ng3 Ne8 12. Bd3 Rb8 13. a4 Qh4 14. Bg5 Qh3 15.
Bf1 {Black resigns} 1-0

[Event "ICCopen2016"]
[Site "Internet Chess Club"]
[Date "2016.06.03"]
[Round "10"]
[White "smsxman"]
[Black "jps7"]
[Result "0-1"]
[ICCResult "White checkmated"]
[WhiteElo "1144"]
[BlackElo "1529"]
[Opening "French defense"]
[ECO "C00"]
[NIC "FR.01"]
[Time "20:47:37"]
[TimeControl "180+0"]

1. e4 e6 2. Nf3 d5 3. exd5 exd5 4. d4 c6 5. Nc3 Nf6 6. Bd2 Be7 7. Be2 O-O 8.
O-O Ne4 9. Nxe4 dxe4 10. Ne5 f6 11. Bc4+ Kh8 12. Nf7+ Rxf7 13. Bxf7 Nd7 14.
Be6 Nb6 15. Bxc8 Rxc8 16. Be3 Nd5 17. c3 f5 18. Bd2 Nb6 19. b3 Bg5 20. Bxg5
Qxg5 21. c4 f4 22. c5 f3 23. g3 Nd5 24. Qc1 Qh5 25. Qf4 Nxf4 26. gxf4 Qg4+
27. Kh1 Qg2# {White checkmated} 0-1

[Event "ICCopen2016"]
[Site "Internet Chess Club"]
[Date "2016.06.03"]
[Round "10"]
[White "chessdad"]
[Black "RJoseph12"]
[Result "1-0"]
[ICCResult "Black resigns"]
[WhiteElo "1314"]
[BlackElo "1329"]
[Opening "King's knight opening"]
[ECO "C40"]
[NIC "KP.10"]
[Time "20:47:32"]
[TimeControl "180+0"]

1. e4 e5 2. Nf3 c6 3. Nc3 Bd6 4. Bc4 Nf6 5. O-O O-O 6. d4 exd4 7. Nxd4 Bc5
8. Nb3 Bb4 9. Ne2 Nxe4 10. Bd3 Nc5 11. Nxc5 Bxc5 12. Ng3 d5 13. Qh5 h6 14.
Qf3 Be6 15. c3 Nd7 16. b4 Bb6 17. Nf5 Ne5 18. Qg3 Qf6 19. Nxh6+ Kh8 20. Bg5
Qg6 21. Bxg6 {Black resigns} 1-0

[Event "ICCopen2016"]
[Site "Internet Chess Club"]
[Date "2016.06.03"]
[Round "10"]
[White "AttackSparrow"]
[Black "fearlessone"]
[Result "1-0"]
[ICCResult "Black checkmated"]
[WhiteElo "2309"]
[BlackElo "1703"]
[Opening "King's pawn opening"]
[ECO "B07"]
[NIC "VO.17"]
[Time "20:47:44"]
[TimeControl "180+0"]

1. e4 d6 2. d4 Nd7 3. Nc3 g6 4. Be3 Bg7 5. Qd2 e6 6. f3 Ne7 7. O-O-O b6 8.
h4 h6 9. Nh3 Bb7 10. Kb1 a6 11. g4 f5 12. gxf5 exf5 13. Nf4 fxe4 14. Ne6 Qc8
15. Bh3 Bf6 16. fxe4 Kf7 17. Bxh6 Qg8 18. Rdf1 Rh7 19. Bg5 Ke8 20. Bxf6 Nxf6
21. Rxf6 Bc8 22. Rf8+ Qxf8 23. Nxf8 Kxf8 24. Bxc8 Rxc8 25. Nd5 Nxd5 26. exd5
Kg8 27. Qe3 Rf8 28. Qe6+ Rhf7 29. Rg1 Kg7 30. Qxg6+ Kh8 31. Qh6+ Rh7 32.
Qxf8# {Black checkmated} 1-0

[Event "ICCopen2016"]
[Site "Internet Chess Club"]
[Date "2016.06.03"]
[Round "10"]
[White "inoahlot"]
[Black "IAlwaysWin"]
[Result "0-1"]
[ICCResult "White checkmated"]
[WhiteElo "1310"]
[BlackElo "1645"]
[Opening "Caro-Kann: exchange variation"]
[ECO "B13"]
[NIC "CK.02"]
[Time "20:48:33"]
[TimeControl "180+0"]

1. e4 c6 2. d4 d5 3. exd5 cxd5 4. Nf3 Nc6 5. Bb5 Nf6 6. Bxc6+ bxc6 7. Nc3
Bg4 8. Bg5 e6 9. h3 Bh5 10. g4 Bg6 11. Nh4 Be7 12. Nxg6 hxg6 13. Be3 Qb6 14.
b3 Bb4 15. Bd2 Qa5 16. O-O Bxc3 17. Bxc3 Qxc3 18. b4 Qxh3 19. g5 Qh2#
{White checkmated}
0-1

[Event "ICCopen2016"]
[Site "Internet Chess Club"]
[Date "2016.06.03"]
[Round "10"]
[White "Discoverchess"]
[Black "Ohanessian"]
[Result "1-0"]
[ICCResult "Black resigns"]
[WhiteElo "2590"]
[BlackElo "2207"]
[Opening "English: symmetrical variation"]
[ECO "A37"]
[NIC "EO.28"]
[Time "20:48:24"]
[TimeControl "180+0"]

1. c4 c5 2. g3 g6 3. Bg2 Bg7 4. Nf3 Nc6 5. Nc3 a6 6. O-O Rb8 7. a3 b5 8.
cxb5 axb5 9. d3 b4 10. axb4 cxb4 11. Ne4 d5 12. Nc5 Qd6 13. d4 Nf6 14. Bf4
e5 15. Nxe5 Nxe5 16. dxe5 Qxc5 17. exf6 Bxf6 18. Bxb8 O-O 19. Rc1 Qb5 20.
Bd6 Rd8 21. Bc7 Rd7 22. Qd2 Ba6 23. Rfd1 Qxe2 24. Qxe2 Bxe2 25. Rxd5 Rxd5
26. Bxd5 Bxb2 27. Re1 Bg4 28. Re7 Be6 29. Bxe6 fxe6 30. Rxe6 Bc3 31. Rb6
{Black resigns}
1-0

[Event "ICCopen2016"]
[Site "Internet Chess Club"]
[Date "2016.06.03"]
[Round "10"]
[White "Shadowbane"]
[Black "doodlestoo"]
[Result "1-0"]
[ICCResult "Black checkmated"]
[WhiteElo "1666"]
[BlackElo "1408"]
[Opening "English: Adorjan defense"]
[ECO "C20"]
[NIC "EO.62"]
[Time "20:48:23"]
[TimeControl "180+0"]

1. e4 e5 2. c4 g6 3. Nc3 Bg7 4. g3 Nf6 5. h3 O-O 6. Bg2 c6 7. d3 d6 8. Nge2
Be6 9. O-O Nbd7 10. Kh2 Qc7 11. f4 Rfe8 12. f5 gxf5 13. exf5 Bxf5 14. Rxf5
Nc5 15. Bg5 h6 16. Bxf6 Bxf6 17. Rxf6 Kg7 18. Rf1 Ne6 19. Ne4 f5 20. N4c3
Rf8 21. d4 e4 22. Nf4 Nxf4 23. gxf4 d5 24. cxd5 cxd5 25. Nxd5 Qa5 26. Qb3
Rad8 27. Qxb7+ Rf7 28. Qb3 Qxd5 29. Qxd5 Rxd5 30. Rfd1 Rfd7 31. Rac1 Rxd4
32. Rxd4 Rxd4 33. Rc7+ Kg6 34. Rxa7 Rd2 35. b4 Rb2 36. a3 Kf6 37. Ra6+ Kg7
38. Kg3 h5 39. Bf1 Rb1 40. Bc4 Rg1+ 41. Kh4 Rf1 42. Kg5 Rg1+ 43. Kxf5 h4 44.
Kxe4 Rg3 45. Be6 Kf6 46. Bg4+ Ke7 47. f5 Kd7 48. f6+ Ke8 49. Ra7 Kf8 50. Bh5
Rxh3 51. Ra8# {Black checkmated} 1-0

[Event "ICCopen2016"]
[Site "Internet Chess Club"]
[Date "2016.06.03"]
[Round "10"]
[White "Arostos"]
[Black "nurmi"]
[Result "1-0"]
[ICCResult "Black resigns"]
[WhiteElo "1990"]
[BlackElo "2276"]
[Opening "Queen's bishop game"]
[ECO "D00"]
[NIC "QP.08"]
[Time "20:47:49"]
[TimeControl "180+0"]

1. d4 d5 2. Bf4 Nf6 3. Nf3 e6 4. e3 Be7 5. Ne5 O-O 6. Bd3 a6 7. Nd2 c5 8. c3
Nbd7 9. Qf3 cxd4 10. exd4 g6 11. Bh6 Re8 12. h4 Nxe5 13. dxe5 Nd7 14. Qg3
Qc7 15. f4 f6 16. Bxg6 Nxe5 17. Bxe8+ Ng6 18. Bxg6 {Black resigns} 1-0

[Event "ICCopen2016"]
[Site "Internet Chess Club"]
[Date "2016.06.03"]
[Round "10"]
[White "RobbieWilliams"]
[Black "pagoda"]
[Result "0-1"]
[ICCResult "White resigns"]
[WhiteElo "1807"]
[BlackElo "1917"]
[Opening "Queen's pawn game"]
[ECO "D00"]
[NIC "QP.08"]
[Time "20:48:25"]
[TimeControl "180+0"]

1. d4 d5 2. e3 Nc6 3. f4 Nf6 4. Bd3 Bg4 5. Nf3 e6 6. c3 Bd6 7. Nbd2 O-O 8.
O-O h6 9. Qe2 Bf5 10. Ne5 Ne7 11. h3 Bxd3 12. Qxd3 Nf5 13. g4 Ng3 14. Rf3
Nge4 15. Kh2 Nxd2 16. Bxd2 Ne4 17. Be1 Bxe5 18. fxe5 c5 19. Rd1 b5 20. a3 a5
21. Rf4 b4 22. a4 c4 23. Qf1 bxc3 24. bxc3 Rb8 25. Rxe4 dxe4 26. Qxc4 Rb2+
27. Kg1 Qd5 28. Qc7 Qa2 {White resigns} 0-1

[Event "ICCopen2016"]
[Site "Internet Chess Club"]
[Date "2016.06.03"]
[Round "10"]
[White "InigoMI"]
[Black "Yedixon"]
[Result "1-0"]
[ICCResult "Black checkmated"]
[WhiteElo "1546"]
[BlackElo "1259"]
[Opening "English opening"]
[ECO "A10"]
[NIC "EO.64"]
[Time "20:48:20"]
[TimeControl "180+0"]

1. c4 Nc6 2. g3 e6 3. Nc3 d5 4. cxd5 exd5 5. d4 Nf6 6. Bg2 Be7 7. Nf3 O-O 8.
O-O Re8 9. a3 Bf8 10. Bg5 h6 11. Bf4 g5 12. Be5 Bg7 13. Rc1 Bf5 14. e3 g4
15. Nh4 Be4 16. Nxe4 Nxe4 17. Bxg7 Kxg7 18. Qxg4+ Ng5 19. Nf5+ Kh7 20. h4
Ne4 21. Qg7# {Black checkmated} 1-0

[Event "ICCopen2016"]
[Site "Internet Chess Club"]
[Date "2016.06.03"]
[Round "10"]
[White "manta2"]
[Black "Cramagica"]
[Result "1-0"]
[ICCResult "Black checkmated"]
[WhiteElo "1130"]
[BlackElo "1145"]
[Opening "Dutch: Staunton gambit, Staunton's line"]
[ECO "A83"]
[NIC "HD.11"]
[Time "20:47:54"]
[TimeControl "180+0"]

1. d4 f5 2. e4 fxe4 3. Nc3 Nf6 4. Bg5 e6 5. Nxe4 Be7 6. Nxf6+ Bxf6 7. Be3 d5
8. Bd3 O-O 9. Nf3 Nc6 10. a3 a6 11. O-O b5 12. b4 Ne7 13. Ne5 Nf5 14. Qh5
Bxe5 15. dxe5 h6 16. g4 Nxe3 17. fxe3 Rxf1+ 18. Rxf1 Qg5 19. Qe8#
{Black checkmated}
1-0

[Event "ICCopen2016"]
[Site "Internet Chess Club"]
[Date "2016.06.03"]
[Round "10"]
[White "kingsac"]
[Black "Shafkat"]
[Result "0-1"]
[ICCResult "White checkmated"]
[WhiteElo "1839"]
[BlackElo "1702"]
[Opening "Ruy Lopez: Schliemann defense"]
[ECO "C63"]
[NIC "RL.06"]
[Time "20:47:57"]
[TimeControl "180+0"]

1. e4 e5 2. Nf3 Nc6 3. Bb5 f5 4. exf5 e4 5. Bxc6 dxc6 6. Ne5 Nf6 7. d4 Bxf5
8. O-O Bd6 9. f4 exf3 10. Nxf3 O-O 11. c3 Bg4 12. Qb3+ Kh8 13. Qxb7 Bxf3 14.
Rxf3 Ng4 15. Qxc6 Rxf3 16. Qxf3 Nxh2 17. Bf4 Nxf3+ 18. gxf3 Bxf4 19. Kf2
Qh4+ 20. Ke2 Re8+ 21. Kd3 Qe1 22. a4 Qf1+ 23. Kc2 Qxf3 24. Na3 Re2+ 25. Kb3
Qb7+ 26. Nb5 a6 27. Rf1 axb5 28. Rxf4 bxa4+ 29. Kxa4 h6 30. b4 Qa6+ 31. Kb3
Qa2# {White checkmated} 0-1

[Event "ICCopen2016"]
[Site "Internet Chess Club"]
[Date "2016.06.03"]
[Round "10"]
[White "ErnestoRondon"]
[Black "Vegita"]
[Result "0-1"]
[ICCResult "White resigns"]
[WhiteElo "1905"]
[BlackElo "2304"]
[Opening "Robatsch (modern) defense"]
[ECO "B06"]
[NIC "KF.06"]
[Time "20:47:38"]
[TimeControl "180+0"]

1. e4 g6 2. f4 Bg7 3. Nf3 d5 4. e5 c5 5. c3 Bg4 6. d4 e6 7. Be2 Bxf3 8. Bxf3
Qb6 9. a3 cxd4 10. cxd4 Nc6 11. Nc3 Qxd4 12. Qe2 Qb6 13. Be3 Qd8 14. Bc5 Bf8
15. Bxf8 Kxf8 16. O-O Nge7 17. Rad1 h5 18. b4 Nf5 19. Ne4 a5 20. b5 Ncd4 21.
Qb2 Nxf3+ 22. Rxf3 Qb6+ 23. Nf2 Kg7 24. h3 Rac8 25. Rc3 Rc5 26. Rdc1 Rhc8
27. Rxc5 Rxc5 28. Rxc5 Qxc5 29. a4 Ne3 30. Qe2 Qc1+ 31. Kh2 Nf1+ 32. Kg1
Ng3+ 33. Qd1 Qxf4 34. Qe1 Qxa4 35. Qe3 Nf5 36. Qg5 Qa1+ 37. Kh2 Qxe5+ 38.
Kg1 Qe1+ {White resigns} 0-1

[Event "ICCopen2016"]
[Site "Internet Chess Club"]
[Date "2016.06.03"]
[Round "10"]
[White "Hellzito"]
[Black "panom"]
[Result "1-0"]
[ICCResult "Black resigns"]
[WhiteElo "1884"]
[BlackElo "1604"]
[Opening "Ruy Lopez: Berlin defense"]
[ECO "C65"]
[NIC "RL.07"]
[Time "20:47:46"]
[TimeControl "180+0"]

1. e4 e5 2. Nf3 Nc6 3. Bb5 Nf6 4. d3 Bc5 5. O-O O-O 6. Bxc6 dxc6 7. Nxe5 Re8
8. Nf3 Bg4 9. Be3 Bxe3 10. fxe3 Nd7 11. Nc3 Ne5 12. Qe1 Bxf3 13. gxf3 Qg5+
14. Kh1 Qh5 15. f4 Ng4 16. Qg3 Re6 17. Rg1 Rh6 18. Rg2 Rg6 19. f5 Rg5 20.
Rag1 f6 21. Qf4 Nh6 22. Rxg5 fxg5 23. Rxg5 Qf7 24. Ne2 Kh8 25. b3 a5 26. Nd4
Ng8 27. Ne6 g6 28. fxg6 {Black resigns} 1-0

[Event "ICCopen2016"]
[Site "Internet Chess Club"]
[Date "2016.06.03"]
[Round "10"]
[White "chessrex"]
[Black "YKQ"]
[Result "0-1"]
[ICCResult "White checkmated"]
[WhiteElo "1952"]
[BlackElo "2581"]
[Opening "Blackmar-Diemer gambit"]
[ECO "A45"]
[NIC "QP.07"]
[Time "20:47:55"]
[TimeControl "180+0"]

1. d4 Nf6 2. f3 d5 3. e4 dxe4 4. Nc3 Nc6 5. Bb5 e5 6. d5 a6 7. dxc6 Qxd1+ 8.
Nxd1 axb5 9. cxb7 Bxb7 10. Nc3 b4 11. Nxe4 Nxe4 12. fxe4 Bxe4 13. Nf3 Bxf3
14. gxf3 Bc5 15. f4 e4 16. Ke2 f5 17. Be3 Bxe3 18. Kxe3 Ke7 19. Rhg1 g6 20.
Rgd1 Rhd8 21. Rxd8 Rxd8 22. a3 Ra8 23. a4 Ra5 24. b3 h6 25. Kd4 Ke6 26. Kc4
g5 27. Kxb4 Ra8 28. a5 gxf4 29. a6 f3 30. Kc3 e3 31. Kd3 f4 32. Ke4 f2 33.
Kf3 c6 34. a7 Rxa7 35. Rd1 Rd7 36. Ra1 Rd2 37. c4 Rb2 38. Rd1 Rxb3 39. Ke2
Rb2+ 40. Kf3 e2 41. Rd8 f1=Q+ 42. Ke4 e1=Q+ 43. Kd4 Rd2+ 44. Kc5 Rxd8 45.
Kxc6 Qxc4+ 46. Kb6 Qeb4+ 47. Ka7 Ra8+ 48. Kxa8 Qa6# {White checkmated} 0-1

[Event "ICCopen2016"]
[Site "Internet Chess Club"]
[Date "2016.06.03"]
[Round "10"]
[White "Kannayya"]
[Black "kabindra"]
[Result "1-0"]
[ICCResult "Black resigns"]
[WhiteElo "1169"]
[BlackElo "1514"]
[Opening "King's Indian: 5.Nf3"]
[ECO "E90"]
[NIC "KI.20"]
[Time "20:48:02"]
[TimeControl "180+0"]

1. d4 Nf6 2. c4 g6 3. Nf3 Bg7 4. e4 d6 5. Nc3 O-O 6. h3 e5 7. d5 Nh5 8. Be2
Nf4 9. O-O Nxe2+ 10. Qxe2 f5 11. exf5 Bxf5 12. Bg5 Qd7 13. Rfe1 Na6 14. Nb5
Nc5 15. Rac1 Nd3 16. Rc3 Nxe1 17. Qxe1 a6 18. Na3 b5 19. cxb5 axb5 20. Rb3
Rab8 21. Qa5 c6 22. dxc6 Qxc6 23. Rxb5 e4 24. Nd4 Qc2 25. Ndxc2 Rbc8 26.
Rxf5 gxf5 27. Qd5+ Kh8 28. Qxd6 Rfe8 29. Qd7 e3 30. fxe3 f4 31. exf4 Bxb2
32. Nd4 Re1+ 33. Kh2 Bxd4 34. Qxc8+ {Black resigns} 1-0

[Event "ICCopen2016"]
[Site "Internet Chess Club"]
[Date "2016.06.03"]
[Round "10"]
[White "Tresor77"]
[Black "Chess64"]
[Result "0-1"]
[ICCResult "White resigns"]
[WhiteElo "1467"]
[BlackElo "1759"]
[Opening "Ruy Lopez: Berlin defense"]
[ECO "C65"]
[NIC "RL.07"]
[Time "20:47:56"]
[TimeControl "180+0"]

1. e4 e5 2. Nf3 Nc6 3. Bb5 Nf6 4. d3 Bc5 5. O-O d6 6. c3 h6 7. b4 Bb6 8. Be3
O-O 9. Nbd2 Ne7 10. a4 Ng6 11. a5 Bxe3 12. fxe3 c6 13. Ba4 d5 14. exd5 cxd5
15. Qe2 Bg4 16. e4 dxe4 17. Nxe4 Nxe4 18. dxe4 Nf4 19. Qe3 f6 20. Rfd1 Qc7
21. Rac1 Rac8 22. Bb3+ Be6 23. Bxe6+ Nxe6 24. g3 a6 25. Rd5 Rfd8 26. Rxd8+
Rxd8 27. Nh4 Qc4 28. Nf5 Rd3 29. Qf2 Qxe4 30. Re1 Qc4 31. Re3 Ng5 32. Rxd3
Nh3+ 33. Kg2 Nxf2 34. Kxf2 Qxd3 {White resigns} 0-1

[Event "ICCopen2016"]
[Site "Internet Chess Club"]
[Date "2016.06.03"]
[Round "10"]
[White "RonJB"]
[Black "josper05"]
[Result "1-0"]
[ICCResult "Black resigns"]
[WhiteElo "1651"]
[BlackElo "1494"]
[Opening "Trompowsky attack (Ruth, Opocenský opening)"]
[ECO "A45"]
[NIC "QP.07"]
[Time "20:48:41"]
[TimeControl "180+0"]

1. d4 Nf6 2. Bg5 c5 3. c3 cxd4 4. cxd4 Qa5+ 5. Qd2 Qxd2+ 6. Bxd2 Nc6 7. e3
d6 8. Nc3 Be6 9. Bb5 g6 10. Nf3 h6 11. e4 Nd7 12. d5 Nce5 13. Nxe5 dxe5 14.
dxe6 fxe6 15. O-O-O a6 16. Bxd7+ Kxd7 17. Bxh6+ Ke8 18. Bxf8 Kxf8 19. f3 Kf7
20. Kb1 b5 21. Rd7 b4 22. Ne2 Rac8 23. h3 Rc6 24. Rc1 Rhc8 25. Rxc6 Rxc6 26.
b3 g5 27. Kb2 a5 28. Nc1 Kf6 29. Nd3 Rd6 30. Nc5 Rd2+ 31. Rxd2 {Black
resigns} 1-0

[Event "ICCopen2016"]
[Site "Internet Chess Club"]
[Date "2016.06.03"]
[Round "10"]
[White "Ira57"]
[Black "tangent"]
[Result "1-0"]
[ICCResult "Black checkmated"]
[WhiteElo "1686"]
[BlackElo "1912"]
[Opening "Queen's bishop game"]
[ECO "D02"]
[NIC "QP.06"]
[Time "20:47:41"]
[TimeControl "180+0"]

1. d4 Nf6 2. Nf3 d5 3. Bf4 g6 4. Nc3 Bg7 5. e3 O-O 6. Be2 b6 7. h4 Bb7 8.
Qd2 c5 9. Ne5 e6 10. h5 Nbd7 11. hxg6 fxg6 12. O-O-O a6 13. g4 c4 14. g5 Ne8
15. Bg4 Qe7 16. f3 b5 17. Qh2 Bxe5 18. Bxe5 Nxe5 19. dxe5 Nc7 20. Ne2 b4 21.
Nf4 Rf7 22. Nxg6 Qc5 23. Rde1 c3 24. b3 a5 25. Nf4 Ra6 26. g6 Rg7 27. gxh7+
Kh8 28. Qh4 Qe7 29. Qh6 Qf7 30. Bh5 Qe7 31. Ng6+ Rxg6 32. Qxg6 a4 33. Qg8#
{Black checkmated}
1-0

[Event "ICCopen2016"]
[Site "Internet Chess Club"]
[Date "2016.06.03"]
[Round "10"]
[White "depressnyak"]
[Black "chessasuke91"]
[Result "1/2-1/2"]
[ICCResult "Game drawn by mutual agreement"]
[WhiteElo "3197"]
[BlackElo "2735"]
[Opening "English: Neo-Catalan declined"]
[ECO "A04"]
[NIC "QP.11"]
[Time "20:48:06"]
[TimeControl "180+0"]

1. Nf3 e6 2. g3 d5 3. Bg2 Nf6 4. O-O Be7 5. c4 O-O 6. d3 c5 7. cxd5 Nxd5 8.
d4 Nc6 9. dxc5 Bxc5 10. a3 Qe7 11. e4 Nf6 12. e5 Nd5 13. Nbd2 Bb6 14. Ne4
Rd8 15. Bg5 f6 16. exf6 gxf6 17. Bh4 Qg7 18. Qe2 Nce7 19. Rad1 Kh8 20. Rd2
Bd7 21. Rfd1 Ba4 22. Rxd5 exd5 23. Bxf6 Bxd1 24. Bxg7+ Kxg7 25. Qxd1 dxe4
26. Nd2 e3 27. Qg4+ Ng6 28. Nf1 exf2+ 29. Kh1 Rac8 30. h4
{Game drawn by mutual agreement}
1/2-1/2

[Event "ICCopen2016"]
[Site "Internet Chess Club"]
[Date "2016.06.03"]
[Round "10"]
[White "livis"]
[Black "olakenn"]
[Result "0-1"]
[ICCResult "White checkmated"]
[WhiteElo "1948"]
[BlackElo "1722"]
[Opening "Caro-Kann: advance variation"]
[ECO "B12"]
[NIC "CK.02"]
[Time "20:48:02"]
[TimeControl "180+0"]

1. e4 c6 2. d4 d5 3. e5 c5 4. Nf3 e6 5. c3 Nc6 6. Be2 cxd4 7. cxd4 Bb4+ 8.
Bd2 Bxd2+ 9. Qxd2 Nge7 10. O-O Nf5 11. Nc3 Qb6 12. Rad1 Bd7 13. g4 Nh6 14.
h3 Ng8 15. Na4 Qc7 16. Nc5 Nge7 17. a3 O-O 18. b4 Ng6 19. Bd3 b6 20. Nxd7
Qxd7 21. h4 Qc7 22. h5 Ngxe5 23. dxe5 Nxe5 24. Nxe5 Qxe5 25. f4 Qd6 26. Bb1
g6 27. h6 f6 28. Qd4 Rac8 29. Rc1 Rxc1 30. Rxc1 e5 31. Qe3 exf4 32. Qd4 f3
33. g5 Qg3+ 34. Kf1 Qg2+ 35. Ke1 Qe2# {White checkmated} 0-1